 Dungeon Crawl Stone Soup version 0.18-a0-1685-g4482fe3 (webtiles) character file.

142 namelastname112 the Grasshopper (level 5, 0/46 HPs)
             Began as a Draconian Warper on Apr 4, 2016.
             Hit by a tomahawk thrown by an orc (8 damage)
             ... on level 4 of the Dungeon.
             The game lasted 00:03:25 (2448 turns).

namelastname112 the Grasshopper (Draconian Warper)  Turns: 2448, Time: 00:03:25

Health: 0/46       AC:  5    Str: 14    XL:     5   Next: 3%
Magic:  8/8        EV: 13    Int: 13    God:
Gold:   181        SH:  2    Dex: 11    Spells: 2 memorised, 5 levels left

rFire  . . .     SeeInvis .     a - +0 short sword
rCold  . . .     Gourm    .     (armour unavailable)
rNeg   . . .     Faith    .     (no shield)
rPois  .         Spirit   .     (helmet restricted)
rElec  .         Dismiss  .     (no cloak)
rCorr  .         Reflect  +     (no gloves)
SustAt .         Harm     .     (no boots)
MR     .....                    h - +2 amulet of reflection
Stlth  ..........               (no ring)
                                m - ring of loudness (curse)

@: not resistant to hostile enchantments, extremely unstealthy
A: unfitting armour, cold-blooded, AC +5
a: no special abilities


You were on level 4 of the Dungeon.
You were not hungry.

You visited 1 branch of the dungeon, and saw 4 of its levels.

You collected 181 gold pieces.

Inventory:

Hand Weapons
 a - a +0 short sword (weapon)
Missiles
 d - 4 tomahawks of dispersal
 q - 14 arrows of frost
 x - a throwing net (quivered)
Jewellery
 h - a +2 amulet of reflection (around neck)
 m - a cursed ring of loudness (left hand)
 r - an uncursed ring of ice
Wands
 y - a wand of iceblast (9/15)
Scrolls
 c - a scroll of blinking
 e - 2 scrolls of remove curse {unknown}
 g - a scroll of fear {unknown}
 k - 2 scrolls of recharging {unknown}
 n - a scroll of noise {unknown}
 p - 2 scrolls of teleportation {unknown}
 s - a scroll of enchant armour {unknown}
Potions
 j - a potion of berserk rage {unknown}
 l - a potion of magic {unknown}
 o - a potion of degeneration {unknown}
 t - a potion of agility {unknown}
 v - a potion of brilliance {unknown}
Books
 b - a book of Spatial Translocations

   Spells                             Type                      Level
   a - Apportation                    Translocation                1
   b - Blink                          Translocation                2
   c - Shroud of Golubria             Charms/Translocation         2
   d - Portal Projectile              Translocation                3
   e - Teleport Other                 Translocation                3
   f - Passage of Golubria            Translocation                4
Comestibles
 f - 2 bread rations
 i - 2 beef jerkies
 u - a fruit
 w - 2 chunks of flesh


   Skills:
 + Level 3.7 Fighting
 - Level 2.0 Short Blades
 - Level 0.8 Throwing
 + Level 3.4 Dodging
 - Level 2.0 Spellcasting
 + Level 4.0 Translocations


You had 5 spell levels left.
You knew the following spells:

 Your Spells              Type           Power        Failure   Level  Hunger
a - Apportation           Tloc           ##........   6%          1    ##.....
c - Blink                 Tloc           N/A          10%         2    ###....


Dungeon Overview and Level Annotations

Branches:
Dungeon (4/15)
 Temple: D:4-7

Altars:
Ashenzari
Kikubaaqudgha
Okawaru
Pakellas
Trog


Innate Abilities, Weirdness & Mutations

Your plain brown scales are hard (AC +5).
Your body does not fit into most forms of armour.
You are cold-blooded and may be slowed by cold attacks.


Message History

You hit the adder skeleton.
You destroy the adder skeleton!
Your Translocations skill increases to level 4!
You open the door.
A hobgoblin and 2 orcs come into view.
The hobgoblin shouts!
The orc shouts!
Found a ring mail.
You are too injured to fight recklessly!
You closely miss the orc.
You tail-slap the orc, but do no damage.
The orc barely misses you.
The hobgoblin hits you but does no damage.
The orc hits you.
* * * LOW HITPOINT WARNING * * *
There is an open door here.
The orc throws a tomahawk.
The tomahawk misses you.
The orc throws a tomahawk.
The tomahawk misses you.
You see here a robe.
The orc throws a tomahawk.
The tomahawk hits you!
You die...

##.............+ ..
#.............##+# ##
#..#.#........'g.#
#..#.#...(#...#..#
#.##.##..##.og##+# #
#.#...#..###.....#+## ###
#.#...#.## #.o.......
..###.#...######.[.....#.
#...#.#._.# #..@........
###...#...# #....(.......
##..## #......(....#
#...# .............#
#..## #.............#
##..# #.............##
#..## ..............#
#..# .............#. ..##


You could see 2 orcs and a hobgoblin.

Vanquished Creatures
  A worker ant (D:4)
  3 adders
  2 adder skeletons (D:4)
  2 worms
  3 dart slugs
  2 giant geckos
  3 orcs
  6 bats
  3 giant cockroaches
  15 goblins
  5 hobgoblins
  2 quokkas
  A ball python (D:4)
  3 giant newts
  A jackal skeleton (D:4)
  10 kobolds
  A rat (D:1)
63 creatures vanquished.

Notes
Turn   | Place    | Note
--------------------------------------------------------------
     0 | D:1      | namelastname112 the Draconian Warper began the quest for the Orb.
     0 | D:1      | Reached XP level 1. HP: 17/17 MP: 3/3
   152 | D:1      | Reached XP level 2. HP: 23/25 MP: 5/5
   188 | D:1      | Learned a level 2 spell: Blink
   322 | D:1      | Reached XP level 3. HP: 24/30 MP: 6/6
  1190 | D:2      | Reached XP level 4. HP: 34/37 MP: 7/7
  2198 | D:4      | Found an oddly glowing altar of Pakellas.
  2201 | D:4      | Found an iron altar of Okawaru.
  2294 | D:4      | Found a shattered altar of Ashenzari.
  2296 | D:4      | Found a bloodstained altar of Trog.
  2297 | D:4      | Found an ancient bone altar of Kikubaaqudgha.
  2364 | D:4      | Found a bloodstained altar of Trog.
  2384 | D:4      | Reached XP level 5. HP: 10/46 MP: 8/8
  2437 | D:4      | Reached skill level 4 in Translocations
  2448 | D:4      | Hit by a tomahawk thrown by an orc

Vault maps used:
D:1:      eino_arrival_cavern_b
D:3:      first_bread
D:4:      corexii_shantytown, grunt_temple_overflow_open,
          gup_sewer_entry_bubbles, trog_book

Skill      XL: |  1  2  3  4  5 |
---------------+----------------+-----
Dodging        | 3 |  3.4
Fighting       | 3 |  3.7
Translocations | 4 |  4.0
Short Blades   | |  2.0
Throwing       | |  0.8
Spellcasting   | |  2.0

Action                   |  1- 3 |  4- 6 || total
-------------------------+-------+-------++-------
Melee: Short sword       |   149 |   191 ||   340
Throw: Throwing net      |       |     1 ||     1
       Tomahawk          |       |     1 ||     1
 Stab: Held in net/web   |       |     1 ||     1
  Eat: Chunk             |       |     5 ||     5
